 Dungeon Crawl Stone Soup version 0.21.1-1-g345015fe64 (webtiles) character file.

144 DildoBatman the Sneak (level 5, -5/42 HPs)
             Began as a Formicid Enchanter on Feb 11, 2018.
             Splashed by Ijyb's acid (16 damage)
             ... on level 3 of the Dungeon on Feb 12, 2018.
             The game lasted 00:12:40 (2583 turns).

DildoBatman the Sneak (Formicid Enchanter)          Turns: 2583, Time: 00:12:40

Health: -5/42      AC:  1    Str: 13    XL:     5   Next: 52%
Magic:  5/8        EV: 11    Int: 15    God:
Gold:   56         SH:  0    Dex: 11    Spells: 4/8 levels left

rFire    . . .     SeeInvis +   s - +0 falchion
rCold    . . .     Gourm    .   (no shield)
rNeg     . . .     Faith    .   d - +0 ring mail
rPois    .         Spirit   .   (helmet unavailable)
rElec    .         Reflect  .   (no cloak)
rCorr    .         Harm     .   (no gloves)
MR       .....                  (no boots)
Stlth    ++........             (no amulet)
HPRegen  0.14/turn              (no ring)
MPRegen  0.11/turn              (no ring)

@: lethally poisoned (-5 -> -7), corroded
A: permanent stasis, dig shafts and tunnels, four strong arms, antennae 3
a: Dig, Shaft Self


You were on level 3 of the Dungeon.
You were hungry.

You visited 1 branch of the dungeon, and saw 3 of its levels.

You collected 56 gold pieces.

Inventory:

Hand Weapons
 a - a +1 dagger
 s - a +0 falchion (weapon)
Armour
 d - a +0 ring mail (worn)
 g - a +2 buckler of reflection
Jewellery
 o - an uncursed ring of protection from magic {unknown}
 r - a +5 ring of intelligence {unknown}
Scrolls
 b - 3 scrolls of noise {unknown}
 e - 2 scrolls of magic mapping {unknown}
 f - 2 scrolls of random uselessness {unknown}
 i - 2 scrolls of amnesia {unknown}
 k - a scroll of blinking {unknown}
 l - a scroll of identify {unknown}
 p - 2 scrolls of teleportation {unknown}
Potions
 h - a potion of berserk rage {unknown}
 j - a potion of curing {unknown}
 m - 3 potions of lignification {unknown}
 n - a potion of heal wounds {unknown}
Books
 c - a book of Maledictions

   Spells                             Type                      Level
   a - Corona                         Hexes                        1
   b - Ensorcelled Hibernation        Hexes/Ice                    2
   c - Confuse                        Hexes                        3
   d - Tukima's Dance                 Hexes                        3
   e - Dazzling Spray                 Conjuration/Hexes            3
Comestibles
 q - 9 chunks of flesh
 v - 4 rations


   Skills:
 * Level 3.6 Fighting
 - Level 1.0 Short Blades
 - Level 3.0 Armour
 - Level 2.0 Dodging
 - Level 4.0 Stealth
 - Level 2.1 Spellcasting
 - Level 3.6 Hexes


You had 4 spell levels left.
You knew the following spells:

 Your Spells              Type           Power        Failure   Level  Hunger
a - Corona                Hex            ##.....      10%         1    #......
b - Confuse               Hex            ##......     30%         3    ###....


Dungeon Overview and Level Annotations

Branches:
Dungeon (3/15)

Altars:
Nemelex Xobeh

Portals:
Sewer: D:3

Annotations:
D:1 Natasha
D:3 exclusion: adder, Ijyb; Rrauwl's ghost, amateur MfMo


Innate Abilities, Weirdness & Mutations

You cannot be hasted, slowed, berserked, paralysed or teleported.
You can dig through walls and to a lower floor.
Your four strong arms can wield two-handed weapons with a shield.
You have a pair of large antennae on your head. (SInv)


Message History

You feel sick. The giant cockroach misses you.
Casting: Corona
Confirm with . or Enter, or press ? or * to list all spells.
Aiming: Corona
Press: ? - help, Shift-Dir - straight line, f - giant cockroach
Aim: a giant cockroach (clinging, chance to defeat MR: 66%)
The giant cockroach is outlined in light.
The giant cockroach waves its antennae.
The giant cockroach closely misses you.
Ijyb zaps a wand.
The bolt of acid hits the giant cockroach.
The giant cockroach is splashed with acid.
The acid corrodes the giant cockroach!
The giant cockroach dies!
The bolt of acid hits you! The acid corrodes you!
You are splashed with acid!
The acid burns!
You die...

#. ..### #.
....{#. #. ..# .
#.###..## .##
####......S ..#
#.......# #.#
#....<..# #.#
#.......# #.#
.........# #@#
##....<..#######†#
#.............gK#
#........##..#..##
#.##.....(g......#
...
##.#######..#.# ..
#.#≈≈≈SS#....#
.(..#≈≈∩≈≈'..###
.##.#≈≈≈≈≈#..#


You could see Ijyb and a kobold.

Vanquished Creatures
  6 adders
  2 oozes
  3 worms
  3 dart slugs
  3 leopard geckos
  4 orcs (D:3)
  A ball python (D:2)
  4 giant cockroaches
  13 goblins
  5 hobgoblins
  3 jackals (D:1)
  5 kobolds
  4 bats
  A frilled lizard (D:2)
  4 rats
61 creatures vanquished.

Vanquished Creatures (others)
  A giant cockroach (D:3)
1 creature vanquished.

Grand Total: 62 creatures vanquished

Notes
Turn   | Place    | Note
-------+----------+-------------------------------------------
     0 | D:1      | DildoBatman the Formicid Enchanter began the quest for the Orb.
     0 | D:1      | Reached XP level 1. HP: 13/13 MP: 3/3
    72 | D:1      | Reached skill level 1 in Fighting
   153 | D:1      | Reached XP level 2. HP: 21/22 MP: 3/5
   331 | D:1      | Reached XP level 3. HP: 22/28 MP: 4/6
   336 | D:1      | Learned a level 3 spell: Confuse
   835 | D:2      | Noticed Natasha
  1145 | D:2      | Found a sparkling altar of Nemelex Xobeh.
  1163 | D:2      | Reached XP level 4. HP: 28/35 MP: 5/7
  1178 | D:2      | Reached skill level 1 in Armour
  1178 | D:2      | Reached skill level 4 in Stealth
  2017 | D:2      | Reached XP level 5. HP: 30/41 MP: 6/8
  2151 | D:3      | Noticed Ijyb
  2151 | D:3      | Noticed an ogre
  2430 | D:3      | Noticed Rrauwl's ghost (amateur MfMo)
  2561 | D:3      | Found a glowing drain.
  2583 | D:3      | Splashed by Ijyb's acid

Skill      XL: |  1  2  3  4  5 |
---------------+----------------+-----
Fighting       | 1 2 3 |  3.6
Dodging        | 2 |  2.0
Armour         | 2 3 |  3.0
Stealth        | 4 |  4.0
Short Blades   | |  1.0
Spellcasting   | |  2.1
Hexes          | |  3.6

Action                   |  1- 3 |  4- 6 || total
-------------------------+-------+-------++-------
Melee: Dagger            |   118 |   108 ||   226
       Short sword       |       |    17 ||    17
       Falchion          |       |    15 ||    15
 Cast: Corona            |    32 |    42 ||    74
       Confuse           |       |     1 ||     1
 Abil: Dig               |     1 |     1 ||     2
 Stab: Sleeping          |     2 |     1 ||     3
  Eat: Chunk             |     2 |     5 ||     7
Armor: Ring mail         |    54 |    45 ||    99
Dodge: Dodged            |    68 |    84 ||   152
       Rpst.: Falchion   |       |     6 ||     6
